 Dungeon Crawl Stone Soup version 0.20.0-4-g10b340a (webtiles) character file.

20 Larmestyx the Sneak (level 2, -2/13 HPs)
             Began as a Vine Stalker Enchanter on May 27, 2017.
             Slain by an adder (3 damage)
             ... on level 1 of the Dungeon.
             The game lasted 00:07:35 (1613 turns).

Larmestyx the Sneak (Vine Stalker Enchanter)        Turns: 1613, Time: 00:07:36

Health: -2/13      AC:  2    Str: 10    XL:     2   Next: 79%
Magic:  0/6        EV: 12    Int: 15    God:
Gold:   48         SH:  0    Dex: 14    Spells: 4/5 levels left

rFire    . . .     SeeInvis .   a - +1 dagger
rCold    . . .     Gourm    .   (no shield)
rNeg     . . .     Faith    .   b - +0 robe
rPois    .         Spirit   +   (no helmet)
rElec    .         Reflect  .   (no cloak)
rCorr    .         Harm     .   (no gloves)
MR       .....                  (no boots)
Stlth    +++.......             (no amulet)
Regen    0.1/turn               (no ring)
MPRegen  0.1/turn               (no ring)

@: lethally poisoned (-2 -> -9)
A: fangs 2, magic shield, antimagic bite, no potion heal 3, rot immunity
a: no special abilities


You were on level 1 of the Dungeon.
You were not hungry.

You visited 1 branch of the dungeon, and saw 2 of its levels.

You collected 48 gold pieces.

Inventory:

Hand Weapons
 a - a +1 dagger (weapon)
Armour
 b - a +0 robe (worn)
 i - a +2 buckler
Scrolls
 h - a scroll of identify {unknown}
Potions
 g - a potion of heal wounds {unknown}
Books
 c - a book of Maledictions

   Spells                             Type                      Level
   a - Corona                         Hexes                        1
   b - Ensorcelled Hibernation        Hexes/Ice                    2
   c - Confuse                        Hexes                        3
   d - Tukima's Dance                 Hexes                        3
   e - Dazzling Spray                 Conjuration/Hexes            3
Comestibles
 d - a bread ration


   Skills:
 * Level 1.1 Short Blades
 + Level 1.9 Dodging
 + Level 4.1 Stealth
 + Level 2.3 Spellcasting
 + Level 3.2 Hexes


You had 4 spell levels left.
You knew the following spells:

 Your Spells              Type           Power        Failure   Level  Hunger
a - Corona                Hex            ##.....      6%          1    #......


Dungeon Overview and Level Annotations

Branches:
Dungeon (2/15)

Altars:


Innate Abilities, Weirdness & Mutations

You have extremely sharp teeth.
When hurt, damage is shared between your health and your magic reserves.
Your bite disrupts and absorbs the magic of your enemies.
Potions cannot restore your health.
You are immune to rotting.


Message History

A hobgoblin comes into view. It is wielding a club.
You can't go down here!
The bat hits you but does no damage. The adder bites you.
You are lethally poisoned!
The adder poisons you!
The hobgoblin moves out of view.
You climb upwards.
You feel sick.
There is a stone staircase leading down here.
You see here a club.
You hit the adder but do no damage.
* * * LOW HITPOINT WARNING * * *
You feel sick. The adder misses you. The adder bites you.
* * * LOW HITPOINT WARNING * * *
* * * LOW HITPOINT WARNING * * *
You feel sick.
There is an open door here.
You hit the adder.
The adder is moderately wounded.
The adder bites you.
You die...

.#.####.# ##.## #######.# ###
.#......# #.# #.# # ######### #.#
#.# # # ##'## #.# ## # ##...##
#.# #. ###### ##.....## ### #.#
#. .....# ##.......## ##.###.# #.
#....###.........####†..##.#####.
.......'........@S..>......).(().
#....###.........####...##.#####.
...#.# ##.......## ##.###.# ##
.###.# ##.....## ### #.# .# #.#
##...## #.# .###.# ##'## ##.#
.....# #.# #..# ..#### #.########
#.## ...## ##........# #.#


You could see an adder.

Vanquished Creatures
  A leopard gecko (D:1)
  A ball python (D:1)
  2 giant cockroaches (D:1)
  3 goblins (D:1)
  2 hobgoblins (D:1)
  2 bats (D:1)
  A frilled lizard (D:1)
  A kobold (D:1)
  5 rats (D:1)
18 creatures vanquished.

Notes
Turn   | Place    | Note
-------+----------+-------------------------------------------
     0 | D:1      | Larmestyx the Vine Stalker Enchanter began the quest for the Orb.
     0 | D:1      | Reached XP level 1. HP: 9/9 MP: 4/4
   236 | D:1      | Reached skill level 1 in Short Blades
   407 | D:1      | Reached XP level 2. HP: 13/13 MP: 6/6
   977 | D:1      | Reached skill level 4 in Stealth
  1613 | D:1      | Slain by an adder

Skill      XL: |  1  2 |
---------------+-------+-----
Short Blades   | 1 |  1.1
Stealth        | 4 |  4.1
Dodging        | |  1.9
Spellcasting   | |  2.3
Hexes          | |  3.2

Action                   || total
-------------------------++-------
Melee: Dagger            ||    64
       Bite              ||    10
 Cast: Corona            ||     1
  Use: Scroll            ||     2
 Stab: Sleeping          ||     5
  Eat: Chunk             ||     2
Armor: Robe              ||    26
Dodge: Dodged            ||    56
